 Dungeon Crawl Stone Soup version 0.31.0-12-g77e489cdc1 (webtiles) character file.

Game seed: 15539063264687675881

3776 boopmooplesden the Carver (level 9, -17/75 HPs)
             Began as an Armataur Fighter on Feb 11, 2024.
             Was a Priest of Okawaru.
             Killed from afar by Erica (29 damage)
             ... with a bolt of poison
             ... on level 8 of the Dungeon.
             The game lasted 00:12:09 (7493 turns).

boopmooplesden the Carver (Armataur Fighter)        Turns: 7493, Time: 00:12:11

Health: -17/75     AC: 11    Str: 23    XL:     9   Next: 95%
Magic:  8/9        EV: 16    Int:  8    God:    Okawaru [***...]
Gold:   393        SH:  8    Dex: 13    Spells: 8/8 levels left

rFire   . . .        a - +4 long sword
rCold   + . .        c - +1 buckler
rNeg    . . .        b - +0 scale mail
rPois   .            (no helmet)
rElec   .            e - +0 cloak
rCorr   .            (no gloves)
SInv    .            (no barding)
Will    .....        (no amulet)
Stlth   ++           f - ring of protection from cold
HPRegen 0.32/turn    j - +5 ring of evasion
MPRegen 0.11/turn

%: roll
@: lethally poisoned (-17 -> -32), heroic, slowed, very slow
A: large, deformed body, tough skin 3, armoured tail, roll 2
a: Renounce Religion, Heroism


You were on level 8 of the Dungeon.
You worshipped Okawaru.
Okawaru was most pleased with you.
You visited 1 branch of the dungeon, and saw 8 of its levels.
You also visited: Ossuary.

You collected 393 gold pieces.

Inventory:

Hand Weapons
 a - a +4 long sword (weapon)
Missiles
 l - 5 javelins (quivered)
Armour
 b - a +0 scale mail (worn)
 c - a +1 buckler (worn)
 e - a +0 cloak (worn)
Jewellery
 f - a ring of protection from cold (left hand)
 j - a +5 ring of evasion (right hand)
 w - an amulet of magic regeneration
Scrolls
 u - 2 scrolls of immolation
 v - 2 scrolls of blinking
 x - a scroll of enchant weapon
Potions
 d - 3 potions of resistance
 g - 3 potions of attraction
 h - 2 potions of cancellation {unknown}
 i - 5 potions of enlightenment
 k - a potion of invisibility {unknown}
 n - a potion of haste {unknown}
 o - a potion of mutation {unknown}
 p - 2 potions of brilliance
 q - a potion of degeneration {unknown}
 r - a potion of berserk rage {unknown}
 s - 3 potions of magic {unknown}
 t - 2 potions of heal wounds {unknown}


   Skills:
 + Level 5.8(10.8) Fighting
 + Level 9.2(14.2) Long Blades
 + Level 0.2(5.2) Throwing
 + Level 8.2(13.2) Armour
 + Level 2.7(7.7) Dodging
 + Level 1.3(6.3) Stealth
 + Level 5.9(10.9) Shields
 + Level 0.1 Invocations


You had 8 spell levels left.
You didn't know any spells.
Your spell library contained the following spells:

 Spells                   Type           Power      Damage    Failure   Level
 Blink                    Tloc           0%         N/A       83%         2
 Lesser Beckoning         Tloc           0%         N/A       83%         2
 Momentum Strike          Conj/Tloc      0%         3d8       83%         2
 Sublimation of Blood     Necr           0%         N/A       83%         2
 Call Imp                 Summ           Unusable   N/A       N/A         2
 Summon Hydra             Summ           Unusable   N/A       N/A         7

Dungeon Overview and Level Annotations

Branches:
Dungeon (8/15)             Temple (0/1) D:5            Lair (0/5) D:8
Ossuary (visited)

Altars:
Kikubaaqudgha
Makhleb
Nemelex Xobeh
Okawaru
Qazlal
Ru
Trog
Vehumet
Wu Jian
Yredelemnul

Shops:
D:3 :[   D:8 ?

Annotations:
D:8 Erica


Innate Abilities, Weirdness & Mutations

Armour fits poorly on your strangely shaped body.
You have extremely tough skin. (AC +3)
You have a long armoured tail.
You regenerate magic and health when rolling toward enemies. (Rampage Regen)


Message History

You feel very sick.
Erica stares at you and mumbles some strange words.
You feel as though you will be slow longer.
You closely miss Erica.
Erica is heavily wounded.
You feel very sick. Erica completely misses you.
Erica hits you with a +1 scimitar of flaming!
* * * LOW HITPOINT WARNING * * *
Erica burns you.
* * * LOW HITPOINT WARNING * * *
You feel sick.
You feel better.
Erica hits you with a +1 scimitar of flaming.
* * * LOW HITPOINT WARNING * * *
Erica burns you.
* * * LOW HITPOINT WARNING * * *
Erica misses you.
You gain the combat prowess of a mighty hero.
You can no longer speed up your combat.
Erica misses you.
You closely miss Erica.
Your tail-slap misses Erica.
Erica is heavily wounded.
Erica misses you.
You hit Erica. You tail-slap Erica!
Erica is severely wounded.
Erica hits you but does no damage.
You miss Erica. You tail-slap Erica.
Erica is severely wounded.
Erica misses you.
You hit Erica.
Erica is severely wounded.
Erica misses you. Erica closely misses you.
You hit Erica.
Erica is severely wounded.
Erica casts a spell at you. The bolt of poison hits you!!
You are lethally poisoned!
You die...
Erica begins burbling mirthfully and uncontrollably.

###### .....# ####
.....# #..# .<...+ +..#
.....# #....#..# ####
.....# #....#..# .....
.....# #....#.x##^....
.....# #....#.@.......
.....#####....#.........
####..........#..##.....
......>...#..##.....
..........#...# ....
..........#'### ... ...
..........#..# ...
...#######....#..#####
.........'....'........


You could see Erica.

Vanquished Creatures
  Jeremiah (D:8)
  2 steam dragons
  A water moccasin (D:8)
  3 ice beasts
  4 ogres
  2 centaurs
  A phantom (D:5)
  3 kobold brigands
  An elf zombie (Ossuary)
  4 bullfrogs
  A gnoll sergeant (D:6)
  3 scorpions
  3 killer bees (D:8)
  2 howler monkeys (D:7)
  2 centaur zombies (Ossuary)
  A jelly (D:5)
  3 bombardier beetles
  4 human zombies (Ossuary)
  5 orc priests
  3 hounds
  A sleepcap (D:5)
  Jessica (D:2)
  3 iguanas
  9 orc wizards
  4 hound zombies (Ossuary)
  2 mummies (Ossuary)
  8 adders
  7 gnolls
  A shadow imp (D:7)
  A white imp (D:7)
  4 ufetubi
  5 adder zombies (Ossuary)
  4 dart slugs
  3 ribbon worms
  24 orcs
  11 ball pythons
  2 bats
  4 endoplasms
  5 giant cockroaches
  12 goblins
  3 hobgoblins
  9 jackals
  24 kobolds
  3 quokkas
  4 frilled lizards
  4 gnoll zombies (Ossuary)
  7 jackal zombies (Ossuary)
  9 kobold zombies (Ossuary)
  An orc zombie (Ossuary)
  6 rats
  A spectral kobold (D:1)
231 creatures vanquished.

Notes
Turn   | Place    | Note
-------+----------+-------------------------------------------
     0 | D:1      | boopmooplesden the Armataur Fighter began the quest for the
                  | Orb.
     0 | D:1      | Reached XP level 1. HP: 18/18 MP: 1/1
   225 | D:1      | Found a faded altar of an unknown god.
   234 | D:1      | Reached XP level 2. HP: 23/25 MP: 2/2
   253 | D:1      | Reached skill level 2 in Long Blades
   454 | D:1      | Reached XP level 3. HP: 30/30 MP: 3/3
   871 | D:2      | Found a burning altar of Makhleb.
  1010 | D:2      | Reached skill level 3 in Long Blades
  1010 | D:2      | Reached XP level 4. HP: 26/38 MP: 4/4
  1217 | D:2      | Noticed Jessica
  1234 | D:2      | Killed Jessica
  1434 | D:2      | Reached XP level 5. HP: 39/45 MP: 5/5
  1500 | D:2      | Found Nauriyli's One-of-a-Kind Rings.
  1757 | D:3      | Reached skill level 4 in Long Blades
  1757 | D:3      | Reached skill level 1 in Stealth
  1918 | D:3      | Found Dazylash's Antique Armour Shoppe.
  1933 | D:3      | Found Eduf's Book Shoppe.
  2070 | D:3      | Reached XP level 6. HP: 46/51 MP: 6/6
  2103 | D:3      | Found a radiant altar of Vehumet.
  2173 | D:3      | Found an iron altar of Okawaru.
  2176 | D:3      | Found a burning altar of Makhleb.
  2181 | D:3      | Found a sacrificial altar of Ru.
  2188 | D:3      | Became a worshipper of Warmaster Okawaru
  2639 | D:4      | Found a sand-covered staircase.
  2654 | Ossuary  | Entered an ossuary
  2860 | Ossuary  | Reached skill level 5 in Armour
  2902 | Ossuary  | Reached skill level 5 in Long Blades
  2908 | Ossuary  | Reached skill level 1 in Dodging
  2958 | Ossuary  | Gained mutation: You regenerate magic and health when
                  | rolling toward enemies. (Rampage Regen) [Armataur growth]
  2958 | Ossuary  | Reached XP level 7. HP: 18/57 MP: 7/7
  3792 | D:4      | Reached * piety under Okawaru
  4203 | D:4      | Noticed a steam dragon
  4212 | D:4      | Killed a steam dragon
  4213 | D:4      | Reached skill level 6 in Long Blades
  4367 | D:4      | Found a basalt altar of Yredelemnul.
  4613 | D:5      | Entered Level 5 of the Dungeon
  4632 | D:5      | Reached XP level 8. HP: 45/66 MP: 8/8
  4682 | D:5      | Reached ** piety under Okawaru
  4815 | D:5      | Found a staircase to the Ecumenical Temple.
  4891 | D:5      | Found an ornate altar of the Wu Jian Council.
  4929 | D:5      | Found a faded altar of an unknown god.
  4929 | D:5      | Found a bloodstained altar of Trog.
  4935 | D:5      | Found a faded altar of an unknown god.
  4937 | D:5      | Found an ancient bone altar of Kikubaaqudgha.
  4939 | D:5      | Found a sparkling altar of Nemelex Xobeh.
  5013 | D:5      | Reached skill level 7 in Long Blades
  5474 | D:6      | Reached XP level 9. HP: 73/73 MP: 9/9
  5639 | D:6      | Reached skill level 5 in Shields
  5744 | D:6      | Reached skill level 5 in Fighting
  5985 | D:7      | Reached skill level 8 in Long Blades
  6146 | D:7      | Reached *** piety under Okawaru
  6765 | D:8      | Found a staircase to the Lair.
  6991 | D:8      | Found a stormy altar of Qazlal.
  7381 | D:8      | Found Lokeutiki's Magic Scroll Emporium.
  7382 | D:8      | Noticed Jeremiah
  7414 | D:8      | Killed Jeremiah
  7415 | D:8      | Reached skill level 9 in Long Blades
  7459 | D:8      | Reached **** piety under Okawaru
  7473 | D:8      | Noticed Erica
  7486 | D:8      | HP: 3/75 [poisoned by Erica (bolt of poison)]
  7493 | D:8      | Killed from afar by Erica

Illustrated notes

Levels and vault maps discovered:
D:1:      dpeg_cavernosity, layout_basic, serial_glass, glass_columns_a,
          glass_columns_a, dreamdust_ecumenical_altar_drowned_temple,
          minmay_misc_feat_square, st_stairs_7
D:2:      layout_basic, basic_altar, amcnicky_mini_rare_corridor_liquid,
          nicolae_shop_unique_rings, uniq_jessica
D:3:      layout_basic, lemuel_doored_altar, grunt_temple_overflow_diamond,
          serial_shops, shop, nicolae_square_shop, serial_park_tiny_2,
          kennysheep_orc_chapel
D:4:      layout_loops_corners, lemuel_crystal_altar,
          lightli_ossuary_entry_decrepit_ruins, gup_sewer_entry_spiral,
          chequers_serial_rivers_large_a
D:5:      layout_rooms, chequers_temple_overflow_minitemple, lemuel_round_altar,
          minmay_temple_entry_poolview, serial_demonic, serial_demonic_b,
          serial_demonic_g, serial_demonic_b, serial_demonic_c
D:6:      minmay_klotski, layout_basic, minmay_misc_feat_four_crosses,
          grunt_decor_cap
D:7:      layout_loops_ring
D:8:      layout_gridville, grunt_qazlal_clouds, lair_entry_dummy, serial_shops,
          shop, hangedman_decor_lopped, hangedman_abyss_or_decor_clamps,
          uniq_jeremiah, uniq_amaemon, uniq_erica

Skill      XL: |  1  2  3  4  5  6  7  8  9 |
---------------+----------------------------+-----
Armour         | 4 5 6 7 8 |  8.2
Long Blades    | 2 3 4 5 6 7 9 |  9.2
Fighting       | 3 4 5 |  5.8
Stealth        | 1 |  1.3
Shields        | 4 5 |  5.9
Dodging        | 1 2 |  2.7
Throwing       | |  0.2
Invocations    | |  0.1

Action                     |  1- 3 |  4- 6 |  7- 9 || total
---------------------------+-------+-------+-------++-------
  Melee: Long sword        |    78 |   275 |   484 ||   837
         Tailslap          |     4 |    38 |    75 ||   117
  Throw: Javelin           |       |       |     7 ||     7
 Invoke: Heroism           |       |       |     3 ||     3
    Use: Scroll            |     2 |     1 |    16 ||    19
         Potion            |       |     4 |     3 ||     7
 Armour: Scale mail        |    52 |   312 |   356 ||   720
  Dodge: Dodged            |    16 |   135 |   241 ||   392
  Block: Buckler           |    16 |    79 |   124 ||   219
